 Dungeon Crawl Stone Soup version 0.17.1-3-g152610e (webtiles) character file.

61 moxian the Shooter (level 3, 0/36 HPs)
             Began as a High Elf Hunter on Apr 17, 2016.
             Slain by Natasha (3 damage)
             ... on level 2 of the Dungeon.
             The game lasted 00:07:59 (1213 turns).

moxian the Shooter (High Elf Hunter)                Turns: 1213, Time: 00:07:59

Health: 0/36       AC: 21    Str: 11    XL:     3   Next: 83%
Magic:  4/4        EV:  2    Int: 14    God:
Gold:   50         SH:  0    Dex: 15    Spells: 0 memorised, 2 levels left

rFire  . . .     SeeInvis .     b - +0 short sword
rCold  . . .     Clarity  .     (armour currently unavailable)
rNeg   + + +     SustAt   .     (no shield)
rPois  +         Gourm    .     (helmet currently unavailable)
rElec  .         Spirit   .     (cloak currently unavailable)
rCorr  .         Warding  .     (gloves currently unavailable)
rMut   .         NoTele   +     (boots currently unavailable)
MR     .....                    q - amulet of rage
Stlth  +++.......               (no ring)
                                (no ring)

@: tree-form, slowed, very slow, not resistant to hostile enchantments, fairly
stealthy
A: (antennae 0), clumsy 1, no device heal 1
a: Evoke Berserk Rage


You were on level 2 of the Dungeon.
You were not hungry.
You were a tree.
You visited 1 branch of the dungeon, and saw 2 of its levels.

You collected 50 gold pieces.

Inventory:

Hand Weapons
 a - a +1 shortbow
 b - a +0 short sword (weapon)
Missiles
 d - 16 arrows
 f - 68 stones (quivered)
Armour
 c - a +0 leather armour (melded)
Jewellery
 q - an amulet of rage (around neck)
Wands
 n - a wand of polymorph (5)
Scrolls
 g - a scroll of remove curse {unknown}
 h - a scroll of noise {unknown}
 j - 2 scrolls of identify {unknown}
 k - a scroll of fog {unknown}
 m - a scroll of enchant weapon {unknown}
 p - a scroll of fear {unknown}
Comestibles
 e - 4 bread rations


   Skills:
 - Level 2.0 Fighting
 * Level 2.8 Short Blades
 + Level 5.3 Bows
 + Level 2.9 Dodging
 - Level 2.4 Stealth


You had 2 spell levels left.
You didn't know any spells.

Dungeon Overview and Level Annotations

Branches:
Dungeon (2/15)

Altars:

Annotations:
D:2 Natasha, Terence


Innate Abilities, Weirdness & Mutations

((You have a pair of small antennae on your head.))
You are clumsy. (Dex -2)
Potions and wands are less effective at restoring your health.


Message History

Natasha claws you.
* * * LOW HITPOINT WARNING * * *
Natasha stares at you and mumbles some strange words.
The magic dart hits you!
You closely miss Natasha.
Natasha is heavily wounded.
Natasha claws you.
* * * LOW HITPOINT WARNING * * *
You barely miss Natasha.
Natasha is heavily wounded.
Natasha mumbles some strange words.
Natasha claws you but does no damage.
You barely miss Natasha.
Natasha is heavily wounded.
Natasha claws you.
* * * LOW HITPOINT WARNING * * *
You hit Natasha.
Natasha is almost dead.
Natasha claws you.
You die...

##......## ### # .###
####....# # #. .((
######..##.###### #. ?...
.................
(...#..####.........####
.#<##.........#...)....
..§ .....#...###.#..##
#.#######.............
###.##h♣§....#....#....#
##.....5#####.#...###...#
##..#.#### #....#.# ....
#..##.# ##...#.... ##..
#.###.# ###....>.###. ..
##.# #.# ##....##### .
#..# #.###.....# #.##
#.#....#.##
####.####....###.#


You could see Natasha and a crimson imp.

Vanquished Creatures
  Ijyb (D:2)
  A giant gecko (D:1)
  3 giant cockroaches (D:1)
  4 goblins
  7 hobgoblins
  3 ball pythons
  6 bats
  A kobold (D:1)
  8 rats
34 creatures vanquished.

Notes
Turn   | Place    | Note
--------------------------------------------------------------
     0 | D:1      | moxian the High Elf Hunter began the quest for the Orb.
     0 | D:1      | Reached XP level 1. HP: 14/14 MP: 2/2
   267 | D:1      | Reached skill level 1 in Short Blades
   363 | D:1      | Reached XP level 2. HP: 19/19 MP: 3/3
   784 | D:2      | Noticed Ijyb
   927 | D:2      | Reached XP level 3. HP: 24/24 MP: 4/4
  1043 | D:2      | Killed Ijyb
  1148 | D:2      | Noticed Terence
  1175 | D:2      | Noticed Natasha
  1206 | D:2      | Gained mutation: Potions and wands are less effective at restoring your health. [potion of mutation]
  1206 | D:2      | Gained mutation: You are clumsy. (Dex -2) [potion of mutation]
  1206 | D:2      | Gained mutation: You have a pair of small antennae on your head. [potion of mutation]
  1213 | D:2      | Slain by Natasha

Action                   || total
-------------------------++-------
Melee: Short sword       ||   119
       Unarmed           ||    10
 Fire: Shortbow          ||    13
  Use: Potion            ||     3
 Stab: Sleeping          ||     5
       Confused          ||     1
  Eat: Chunk             ||     1
